General information
- name: BNet
- type: Ladder team game (AT/RT)
- host: Battle.net
- saver: Artyom
map: Friends
- players: 8
- length: 62:32
- speed: Fast
- version: 1.26 W3XP
- replay type: Public
» download(331 KB)
Players
team 1 (winner)
mtldemolition (
green | 29 APM | 1302 actions | 45:23)
8 Blademaster
1 Wind Walk
3 Critical Strike
3 Mirror Image
1 Bladestorm
6 Tauren Chieftain
3 Endurance Aura
2 War Stomp
1 Reincarnation
» actions
| Basic commands | 6 | |
| Build / train | 103 | |
| Enter build submenu | 21 | |
| Enter hero's abilities submenu | 14 | |
| Right click | 569 | |
| Select / deselect | 490 | |
| Use ability | 99 | |
1302 total
» units
| Peon | 9 | |
| Grunt | 2 | |
| Troll Headhunter/Berserker | 29 | |
| Forest Troll Shadow Priest | 1 | |
| Shaman | 7 | |
| Goblin Zeppelin | 1 | |
| Troll Witch Doctor | 5 | |
54 total
» upgrades
| Armor | 3 | |
| Shaman Training | 2 | |
| Berserker Upgrade | 1 | |
| Ranged Weapons | 3 | |
| Witch Doctor Training | 2 | |
| Reinforced Defenses | 1 | |
| Troll Regeneration | 1 | |
| Spiked Barricades | 1 | |
14 total
» buildings
| Orc Burrow | 6 | |
| Altar of Storms | 1 | |
| War Mill | 1 | |
| Barracks | 2 | |
| Watch Tower | 8 | |
| Stronghold | 1 | |
| Voodoo Lounge | 1 | |
| Fortress | 1 | |
| Spirit Lodge | 1 | |
| Great Hall | 1 | |
23 total
» build order
00:12 Orc Burrow
00:37 Altar of Storms
01:11 War Mill
01:31 Barracks
01:56 Orc Burrow
02:30 Watch Tower
03:00 Watch Tower
03:51 Stronghold
04:28 Orc Burrow
05:01 Voodoo Lounge
05:12 Watch Tower
06:00 Watch Tower
06:17 Fortress
06:22 Spirit Lodge
07:35 Barracks
08:37 Orc Burrow
11:50 Orc Burrow
16:52 Watch Tower
17:29 Watch Tower
19:49 Watch Tower
21:18 Orc Burrow
25:31 Watch Tower
32:58 Great Hall
» items
| Healing Wards | 1 | |
| Healing Salve | 2 | |
| Potion of Mana | 1 | |
| Scroll of Speed | 1 | |
| Scroll of Town Portal | 5 | |
| Orb of Lightning | 1 | |
| Potion of Healing | 3 | |
| Staff of Sanctuary | 1 | |
| Scroll of Regeneration | 1 | |
| Lesser Clarity Potion | 1 | |
17 total

»
Goodspeed4143 (
blue | 38 APM | 1279 actions | 33:38)
4 Blademaster
2 Wind Walk
2 Critical Strike
1 Tauren Chieftain
1 War Stomp
» actions
| Basic commands | 5 | |
| Build / train | 78 | |
| Enter build submenu | 28 | |
| Enter hero's abilities submenu | 6 | |
| Right click | 516 | |
| Select / deselect | 578 | |
| Use ability | 68 | |
1279 total
» units
| Peon | 27 | |
| Grunt | 5 | |
| Goblin Shredder | 2 | |
| Tauren | 8 | |
| Shaman | 4 | |
| Goblin Zeppelin | 1 | |
| Spirit Walker | 2 | |
49 total
» upgrades
| Melee Weapons | 3 | |
| Armor | 2 | |
| Spirit Walker Training | 3 | |
| Shaman Training | 2 | |
| Pulverize | 1 | |
| Reinforced Defenses | 1 | |
12 total
» buildings
| Altar of Storms | 1 | |
| Orc Burrow | 9 | |
| Barracks | 1 | |
| Voodoo Lounge | 1 | |
| War Mill | 1 | |
| Watch Tower | 6 | |
| Stronghold | 1 | |
| Fortress | 1 | |
| Spirit Lodge | 2 | |
| Tauren Totem | 2 | |
| Great Hall | 3 | |
28 total
» build order
00:07 Altar of Storms
00:12 Orc Burrow
01:10 Barracks
01:31 Orc Burrow
01:44 Voodoo Lounge
02:29 Orc Burrow
03:38 War Mill
05:01 Watch Tower
05:06 Watch Tower
06:18 Stronghold
06:24 Watch Tower
07:35 Watch Tower
08:58 Fortress
09:00 Spirit Lodge
09:50 Orc Burrow
11:42 Tauren Totem
11:45 Tauren Totem
12:16 Spirit Lodge
14:03 Orc Burrow
14:46 Orc Burrow
15:23 Orc Burrow
18:53 Great Hall
19:18 Orc Burrow
20:20 Orc Burrow
21:22 Great Hall
21:38 Watch Tower
28:41 Watch Tower
30:27 Great Hall
» items
| Healing Salve | 2 | |
| Lesser Clarity Potion | 1 | |
| Book of the Dead | 1 | |
| Tiny Great Hall | 1 | |
| Scroll of Town Portal | 1 | |
6 total
OracleAtDelphi (
pink | 56 APM | 3480 actions | 62:32)
9 Blood Mage
3 Flame Strike
3 Siphon Mana
1 Summon Phoenix
2 Banish
» actions
| Assign group hotkey | 159 | |
| Basic commands | 231 | |
| Build / train | 184 | |
| Enter build submenu | 58 | |
| Enter hero's abilities submenu | 9 | |
| Give item / drop item | 10 | |
| Remove unit from queue | 1 | |
| Right click | 1327 | |
| Select / deselect | 860 | |
| Select group hotkey | 335 | |
| Use ability | 306 | |
3480 total
» units
| Peasant | 11 | |
| Footman | 8 | |
| Goblin Zeppelin | 2 | |
| Sorceress | 4 | |
| Goblin Shredder | 3 | |
| Knight | 6 | |
| Siege Engine | 2 | |
| Goblin Sapper | 11 | |
| Gryphon Rider | 7 | |
| Dragonhawk Rider | 2 | |
56 total
» upgrades
| Lumber Harvesting | 2 | |
| Defend | 1 | |
| Sorceress Training | 2 | |
| Masonry | 3 | |
| Swords | 3 | |
| Armor | 3 | |
| Magic Sentry | 1 | |
| Animal War Training | 1 | |
| Priest Training | 1 | |
| Gunpowder | 3 | |
| Plating | 3 | |
| Barrage | 2 | |
| Storm Hammers | 1 | |
| Cloud | 1 | |
27 total
» buildings
| Altar of Kings | 1 | |
| Barracks | 2 | |
| Farm | 16 | |
| Keep | 1 | |
| Arcane Vault | 1 | |
| Lumber Mill | 2 | |
| Arcane Sanctum | 1 | |
| Scout Tower | 22 | |
| Guard Tower | 15 | |
| Blacksmith | 3 | |
| Town Hall | 2 | |
| Castle | 1 | |
| Workshop | 6 | |
| Gryphon Aviary | 6 | |
79 total
» build order
00:42 Altar of Kings
00:43 Barracks
00:52 Farm
00:54 Farm
01:14 Farm
01:14 Farm
02:29 Farm
03:10 Keep
03:51 Arcane Vault
03:56 Lumber Mill
05:33 Arcane Sanctum
05:41 Scout Tower
05:42 Scout Tower
05:42 Scout Tower
05:46 Scout Tower
05:48 Scout Tower
06:13 Farm
06:16 Farm
06:20 Guard Tower
08:04 Blacksmith
08:13 Guard Tower
10:10 Farm
11:14 Town Hall
11:23 Scout Tower
11:24 Scout Tower
11:24 Scout Tower
11:25 Scout Tower
11:26 Scout Tower
11:26 Scout Tower
11:27 Scout Tower
11:28 Scout Tower
11:29 Scout Tower
11:30 Scout Tower
11:30 Scout Tower
12:52 Guard Tower
12:52 Guard Tower
12:52 Guard Tower
12:59 Guard Tower
13:00 Guard Tower
13:00 Guard Tower
13:37 Guard Tower
13:40 Guard Tower
14:02 Farm
14:58 Castle
15:01 Blacksmith
15:03 Blacksmith
15:09 Barracks
25:21 Lumber Mill
27:41 Workshop
27:46 Workshop
27:46 Workshop
27:47 Workshop
28:14 Workshop
28:15 Workshop
28:19 Farm
28:19 Farm
28:20 Farm
28:21 Farm
28:22 Farm
28:56 Farm
30:02 Scout Tower
30:03 Scout Tower
30:03 Scout Tower
30:04 Scout Tower
30:05 Scout Tower
30:06 Scout Tower
31:10 Guard Tower
32:56 Town Hall
34:27 Gryphon Aviary
34:28 Gryphon Aviary
34:29 Gryphon Aviary
34:31 Gryphon Aviary
34:35 Gryphon Aviary
34:37 Gryphon Aviary
44:00 Farm
» items
| Scroll of Regeneration | 12 | |
| Potion of Healing | 18 | |
| Potion of Mana | 9 | |
| Lesser Clarity Potion | 8 | |
| Scroll of Town Portal | 8 | |
| Orb of Lightning | 1 | |
| Healing Salve | 4 | |
| Spiked Collar | 1 | |
| Alleria's Flute of Accuracy | 1 | |
| Potion of Divinity | 2 | |
| Healing Wards | 1 | |
| Potion of Restoration | 1 | |
| Runed Bracers | 1 | |
| Scroll of Restoration | 1 | |
68 total
3-brothers- (
yellow | 66 APM | 4112 actions | 62:32)
8 Blood Mage
3 Flame Strike
3 Banish
1 Summon Phoenix
1 Siphon Mana
1 Naga Sea Witch
1 Frost Arrows
» actions
| Assign group hotkey | 97 | |
| Basic commands | 137 | |
| Build / train | 180 | |
| Enter build submenu | 29 | |
| Enter hero's abilities submenu | 10 | |
| Give item / drop item | 2 | |
| Remove unit from queue | 3 | |
| Right click | 1684 | |
| Select / deselect | 529 | |
| Select group hotkey | 1195 | |
| Use ability | 246 | |
4112 total
» units
| Peasant | 23 | |
| Footman | 9 | |
| Gryphon Rider | 8 | |
| Goblin Shredder | 1 | |
| Goblin Zeppelin | 3 | |
| Siege Engine | 2 | |
| Dragonhawk Rider | 8 | |
| Sorceress | 2 | |
| Goblin Sapper | 8 | |
| Forest Troll Shadow Priest | 1 | |
| Forest Troll Berserker | 1 | |
| Ogre Mauler | 4 | |
| Mud Golem | 2 | |
72 total
» upgrades
| Lumber Harvesting | 1 | |
| Masonry | 3 | |
| Animal War Training | 1 | |
| Swords | 3 | |
| Armor | 3 | |
| Storm Hammers | 1 | |
| Magic Sentry | 1 | |
| Sorceress Training | 2 | |
| Gunpowder | 3 | |
| Plating | 3 | |
| Barrage | 1 | |
| Cloud | 1 | |
23 total
» buildings
| Altar of Kings | 1 | |
| Barracks | 1 | |
| Farm | 11 | |
| Scout Tower | 51 | |
| Arcane Tower | 3 | |
| Keep | 5 | |
| Arcane Vault | 1 | |
| Lumber Mill | 1 | |
| Guard Tower | 18 | |
| Castle | 1 | |
| Blacksmith | 1 | |
| Gryphon Aviary | 5 | |
| Town Hall | 2 | |
| Arcane Sanctum | 1 | |
| Workshop | 2 | |
| Cannon Tower | 2 | |
106 total
» build order
00:11 Altar of Kings
00:23 Barracks
00:37 Farm
00:53 Farm
01:32 Scout Tower
01:46 Farm
02:24 Arcane Tower
02:24 Arcane Tower
02:44 Farm
03:12 Keep
03:12 Keep
03:13 Keep
03:13 Keep
03:36 Arcane Vault
04:21 Lumber Mill
04:53 Farm
04:53 Farm
04:54 Farm
04:54 Farm
05:24 Scout Tower
05:25 Scout Tower
05:25 Scout Tower
05:28 Scout Tower
06:13 Guard Tower
06:14 Guard Tower
06:19 Guard Tower
07:02 Castle
07:44 Blacksmith
07:55 Guard Tower
07:56 Guard Tower
08:38 Gryphon Aviary
08:40 Gryphon Aviary
10:39 Town Hall
10:41 Scout Tower
10:41 Scout Tower
11:38 Scout Tower
11:38 Scout Tower
12:09 Arcane Tower
13:49 Guard Tower
13:50 Guard Tower
14:10 Gryphon Aviary
14:13 Farm
14:13 Farm
16:49 Gryphon Aviary
16:49 Gryphon Aviary
17:42 Scout Tower
17:42 Scout Tower
17:43 Scout Tower
17:44 Scout Tower
17:45 Scout Tower
18:10 Arcane Sanctum
18:20 Town Hall
18:21 Scout Tower
18:21 Scout Tower
18:22 Scout Tower
18:22 Scout Tower
18:23 Scout Tower
18:23 Scout Tower
18:23 Scout Tower
18:25 Scout Tower
18:26 Scout Tower
18:53 Guard Tower
18:59 Guard Tower
19:18 Guard Tower
19:18 Guard Tower
19:23 Guard Tower
19:57 Scout Tower
19:58 Scout Tower
19:58 Scout Tower
19:58 Scout Tower
19:59 Scout Tower
20:01 Scout Tower
20:02 Scout Tower
20:28 Guard Tower
20:34 Guard Tower
21:14 Guard Tower
21:58 Scout Tower
21:59 Scout Tower
22:00 Scout Tower
22:02 Scout Tower
22:02 Scout Tower
22:03 Scout Tower
22:04 Scout Tower
22:05 Scout Tower
22:05 Scout Tower
22:05 Scout Tower
22:06 Scout Tower
22:07 Scout Tower
23:30 Guard Tower
24:31 Workshop
24:32 Workshop
27:39 Scout Tower
27:39 Scout Tower
27:40 Scout Tower
27:40 Scout Tower
27:41 Scout Tower
27:42 Scout Tower
27:44 Scout Tower
27:44 Scout Tower
29:00 Cannon Tower
29:40 Cannon Tower
52:06 Farm
» items
| Scroll of Regeneration | 5 | |
| Lesser Clarity Potion | 3 | |
| Ivory Tower | 5 | |
| Potion of Mana | 4 | |
| Healing Wards | 2 | |
| Scroll of Town Portal | 6 | |
| Potion of Healing | 5 | |
| Orb of Lightning | 1 | |
| Potion of Divinity | 1 | |
| Red Drake Egg | 1 | |
| Orb of Fire | 1 | |
| Ankh of Reincarnation | 2 | |
| Health Stone | 1 | |
| Potion of Restoration | 1 | |
38 total
team 2 (loser)
CrakaSnagSwag (
orange | 39 APM | 1013 actions | 26:17)
4 Blademaster
2 Wind Walk
2 Critical Strike
1 Shadow Hunter
1 Healing Wave
» actions
| Assign group hotkey | 24 | |
| Basic commands | 62 | |
| Build / train | 83 | |
| Enter build submenu | 13 | |
| Enter hero's abilities submenu | 5 | |
| Give item / drop item | 2 | |
| Right click | 507 | |
| Select / deselect | 231 | |
| Select group hotkey | 30 | |
| Use ability | 56 | |
1013 total
» units
| Peon | 7 | |
| Grunt | 5 | |
| Spirit Walker | 5 | |
| Raider | 34 | |
| Goblin Sapper | 2 | |
| Shaman | 5 | |
58 total
» upgrades
| Ensnare | 1 | |
| Spirit Walker Training | 2 | |
| Melee Weapons | 2 | |
| Shaman Training | 2 | |
7 total
» buildings
| Altar of Storms | 1 | |
| Orc Burrow | 6 | |
| Barracks | 1 | |
| Voodoo Lounge | 1 | |
| Stronghold | 1 | |
| Beastiary | 1 | |
| Spirit Lodge | 1 | |
| War Mill | 1 | |
| Fortress | 1 | |
14 total
» build order
00:10 Altar of Storms
00:11 Orc Burrow
00:59 Barracks
01:26 Orc Burrow
02:02 Voodoo Lounge
03:28 Stronghold
05:13 Orc Burrow
05:18 Orc Burrow
05:51 Beastiary
05:56 Spirit Lodge
06:51 Orc Burrow
06:55 Orc Burrow
10:31 War Mill
18:34 Fortress
» items
| Healing Salve | 1 | |
| Lesser Clarity Potion | 2 | |
| Scroll of Speed | 1 | |
| Scroll of Town Portal | 1 | |
| Potion of Healing | 1 | |
6 total
Josh8 (
red | 35 APM | 1050 actions | 29:37)
7 Archmage
3 Summon Water Elemental
3 Brilliance Aura
1 Mass Teleport
» actions
| Basic commands | 15 | |
| Build / train | 141 | |
| Enter build submenu | 30 | |
| Enter hero's abilities submenu | 7 | |
| Remove unit from queue | 5 | |
| Right click | 390 | |
| Select / deselect | 384 | |
| Use ability | 78 | |
1050 total
» units
| Peasant | 60 | |
| Footman | 9 | |
| Dragonhawk Rider | 30 | |
99 total
» upgrades
| Masonry | 3 | |
| Backpack | 1 | |
| Lumber Harvesting | 3 | |
| Swords | 3 | |
| Cloud | 1 | |
| Armor | 3 | |
| Animal War Training | 1 | |
15 total
» buildings
| Altar of Kings | 1 | |
| Farm | 13 | |
| Lumber Mill | 2 | |
| Arcane Vault | 1 | |
| Blacksmith | 1 | |
| Barracks | 1 | |
| Keep | 2 | |
| Town Hall | 2 | |
| Castle | 1 | |
| Gryphon Aviary | 2 | |
| Scout Tower | 3 | |
| Arcane Tower | -1 | |
28 total
» build order
00:23 Altar of Kings
00:40 Farm
00:52 Lumber Mill
01:22 Lumber Mill
01:26 Farm
01:35 Arcane Vault
02:20 Farm
02:40 Blacksmith
02:44 Barracks
02:54 Farm
03:56 Farm
04:01 Keep
04:36 Farm
05:23 Farm
06:33 Farm
07:04 Town Hall
07:34 Farm
07:36 Castle
08:31 Farm
08:34 Gryphon Aviary
08:39 Gryphon Aviary
09:13 Farm
09:55 Farm
09:57 Farm
18:59 Scout Tower
19:02 Scout Tower
19:10 Scout Tower
20:05 Arcane Tower
24:18 Town Hall
24:21 Keep
» items
| Potion of Healing | 5 | |
| Potion of Mana | 2 | |
| Scroll of Town Portal | 5 | |
12 total
Artyom (
purple | 74 APM | 4602 actions | 62:32)
10 Blood Mage
3 Flame Strike
3 Siphon Mana
1 Summon Phoenix
3 Banish
9 Goblin Tinker
2 Engineering Upgrade
3 Cluster Rockets
1 Robo-Goblin
3 Pocket Factory
» actions
| Assign group hotkey | 64 | |
| Basic commands | 44 | |
| Build / train | 280 | |
| ESC pressed | 5 | |
| Enter build submenu | 90 | |
| Enter hero's abilities submenu | 19 | |
| Give item / drop item | 7 | |
| Right click | 1861 | |
| Select / deselect | 827 | |
| Select group hotkey | 874 | |
| Use ability | 531 | |
4602 total
» units
| Peasant | 23 | |
| Footman | 16 | |
| Goblin Shredder | 1 | |
| Gryphon Rider | 10 | |
| Sorceress | 7 | |
| Goblin Zeppelin | 1 | |
| Goblin Sapper | 6 | |
| Dragonhawk Rider | 16 | |
| Priest | 8 | |
88 total
» upgrades
| Defend | 1 | |
| Masonry | 3 | |
| Swords | 3 | |
| Lumber Harvesting | 2 | |
| Armor | 3 | |
| Animal War Training | 1 | |
| Storm Hammers | 1 | |
| Cloud | 1 | |
| Sorceress Training | 2 | |
| Magic Sentry | 1 | |
| Reinforced Defenses | 1 | |
| Backpack | 1 | |
| Priest Training | 2 | |
| Control Magic | 1 | |
| Gunpowder | 3 | |
| Plating | 3 | |
| Long Rifles | 1 | |
| Pillage | 1 | |
| Spiked Barricades | 1 | |
32 total
» buildings
| Altar of Kings | 1 | |
| Barracks | 1 | |
| Farm | 15 | |
| Scout Tower | 62 | |
| Arcane Tower | 1 | |
| Arcane Vault | 2 | |
| Keep | 2 | |
| Lumber Mill | 2 | |
| Blacksmith | 1 | |
| Castle | 2 | |
| Guard Tower | 55 | |
| Town Hall | 2 | |
| Gryphon Aviary | 4 | |
| Arcane Sanctum | 1 | |
| Watch Tower | 13 | |
164 total
» build order
00:04 Altar of Kings
00:08 Barracks
00:11 Farm
00:54 Farm
01:34 Scout Tower
01:59 Farm
02:22 Arcane Tower
03:22 Farm
03:37 Arcane Vault
04:11 Farm
04:34 Keep
05:16 Lumber Mill
05:29 Blacksmith
07:40 Castle
08:15 Scout Tower
08:16 Scout Tower
08:17 Scout Tower
08:19 Scout Tower
08:20 Scout Tower
08:48 Guard Tower
08:48 Guard Tower
08:48 Guard Tower
08:49 Guard Tower
09:10 Town Hall
09:23 Gryphon Aviary
09:25 Gryphon Aviary
10:20 Scout Tower
10:22 Scout Tower
10:26 Scout Tower
10:27 Scout Tower
11:01 Guard Tower
11:01 Guard Tower
11:22 Scout Tower
11:23 Scout Tower
11:37 Lumber Mill
11:51 Guard Tower
11:51 Guard Tower
11:51 Guard Tower
11:58 Guard Tower
11:58 Guard Tower
12:13 Scout Tower
12:15 Scout Tower
12:17 Scout Tower
12:18 Scout Tower
12:23 Scout Tower
13:34 Guard Tower
13:48 Scout Tower
13:49 Scout Tower
13:56 Scout Tower
13:58 Scout Tower
14:18 Guard Tower
14:18 Guard Tower
15:05 Scout Tower
15:06 Scout Tower
15:10 Scout Tower
15:11 Scout Tower
15:19 Scout Tower
16:01 Guard Tower
16:01 Guard Tower
16:06 Scout Tower
16:10 Farm
16:11 Farm
16:12 Farm
16:16 Scout Tower
16:43 Guard Tower
16:43 Guard Tower
17:06 Guard Tower
17:14 Guard Tower
17:27 Guard Tower
17:27 Guard Tower
18:03 Arcane Sanctum
19:18 Gryphon Aviary
19:20 Gryphon Aviary
19:58 Farm
24:53 Scout Tower
24:56 Town Hall
25:26 Scout Tower
25:27 Scout Tower
25:28 Scout Tower
25:30 Scout Tower
25:31 Scout Tower
25:32 Scout Tower
25:33 Scout Tower
25:42 Guard Tower
26:08 Guard Tower
26:39 Guard Tower
27:23 Guard Tower
27:26 Scout Tower
27:29 Scout Tower
27:30 Scout Tower
27:47 Farm
27:59 Guard Tower
28:09 Guard Tower
28:34 Guard Tower
28:36 Scout Tower
28:38 Scout Tower
28:40 Scout Tower
28:40 Scout Tower
28:41 Scout Tower
28:43 Scout Tower
28:44 Scout Tower
28:46 Scout Tower
28:47 Guard Tower
29:05 Guard Tower
29:08 Farm
30:05 Guard Tower
30:05 Guard Tower
30:05 Guard Tower
30:41 Guard Tower
30:42 Guard Tower
30:44 Scout Tower
30:48 Scout Tower
30:50 Scout Tower
30:51 Scout Tower
30:54 Scout Tower
30:55 Scout Tower
30:56 Guard Tower
30:58 Scout Tower
30:58 Scout Tower
31:00 Scout Tower
31:45 Guard Tower
32:53 Guard Tower
32:53 Guard Tower
32:54 Scout Tower
32:55 Scout Tower
32:56 Scout Tower
32:57 Scout Tower
32:59 Scout Tower
33:10 Guard Tower
33:34 Watch Tower
33:35 Watch Tower
33:39 Watch Tower
33:40 Watch Tower
33:45 Watch Tower
33:47 Watch Tower
35:19 Guard Tower
35:20 Guard Tower
35:23 Scout Tower
35:34 Keep
35:54 Guard Tower
45:20 Watch Tower
45:22 Watch Tower
45:24 Watch Tower
45:26 Watch Tower
45:26 Watch Tower
45:27 Watch Tower
45:27 Watch Tower
56:41 Arcane Vault
62:01 Castle
62:07 Farm
62:12 Farm
62:15 Farm
62:19 Farm
» items
| Potion of Healing | 24 | |
| Mechanical Critter | 4 | |
| Lesser Clarity Potion | 13 | |
| Scroll of Regeneration | 20 | |
| Alleria's Flute of Accuracy | 1 | |
| The Lion Horn of Stormwind | 1 | |
| Scroll of Town Portal | 8 | |
| Potion of Mana | 1 | |
| Orb of Fire | 3 | |
| Robe of the Magi +6 | 1 | |
| Runed Bracers | 1 | |
77 total
philotus (
teal | 13 APM | 385 actions | 29:27)
2 Death Knight
1 Death Coil
1 Unholy Aura
» actions
| Assign group hotkey | 4 | |
| Build / train | 58 | |
| Enter build submenu | 18 | |
| Enter hero's abilities submenu | 2 | |
| Right click | 75 | |
| Select / deselect | 98 | |
| Select group hotkey | 109 | |
| Use ability | 21 | |
385 total
» units
| Acolyte | 11 | |
| Ghoul | 10 | |
| Gargoyle | 22 | |
43 total
» upgrades
| Creature Attack | 3 | |
| Creature Carapace | 2 | |
5 total
» buildings
| Altar of Darkness | 1 | |
| Ziggurat | 5 | |
| Crypt | 1 | |
| Nerubian Tower | 4 | |
| Tomb of Relics | 1 | |
| Halls of the Dead | 1 | |
| Graveyard | 1 | |
| Black Citadel | 1 | |
| Spirit Tower | 1 | |
| Sacrificial Pit | 1 | |
17 total
» build order
00:12 Altar of Darkness
00:16 Ziggurat
00:53 Crypt
01:32 Nerubian Tower
01:48 Ziggurat
02:59 Nerubian Tower
03:12 Tomb of Relics
03:16 Ziggurat
03:21 Ziggurat
03:52 Halls of the Dead
05:16 Graveyard
06:14 Black Citadel
09:27 Spirit Tower
12:18 Ziggurat
12:22 Sacrificial Pit
15:38 Nerubian Tower
15:38 Nerubian Tower
Chat log
(00:12 / All) OracleAtDelphi: 'Fraid I've only got some bad news for your Phil
(00:25 / Allies) philotus: ye?
(00:29 / All) philotus: ye?
(00:30 / All) 3-brothers-: what news
(00:37 / All) OracleAtDelphi: Your temples will be torn down, your acolytes will cry out in anguish
(01:09 / All) OracleAtDelphi: The laughing blond barbarian will trample over your sacred groudns
(01:13 / Allies) CrakaSnagSwag: rush or cc
(02:07 / All) 3-brothers-: im gonna own u in apm this game rod
(02:09 / All) 3-brothers-: 200 apm
(02:18 / All) Artyom: I don't intentionally spam
(02:18 / All) OracleAtDelphi: 40 apm here
(02:29 / Allies) philotus: cc I think
(03:12 / All) Artyom: lol
(05:45 / Allies) Josh8: teal help me creep gold mine?
(06:19 / Allies) Josh8: wait
(06:25 / Allies) Josh8: i said wait
(06:29 / Allies) Josh8: lol
(06:37 / Allies) philotus: sry
(06:39 / Allies) philotus: aha
(06:59 / Allies) Artyom: help me creep that?
(07:08 / Allies) CrakaSnagSwag: omw
(07:16 / Allies) philotus: zeplin
(09:06 / Allies) Artyom: ty
(10:01 / Allies) Josh8: lunber plz
(10:21 / Allies) Josh8: lumber plz
(10:45 / Allies) Josh8: lumber pzl
(10:49 / Allies) Josh8: teal
(10:52 / Allies) Josh8: lumber pl
(12:59 / Allies) Josh8: tp
(13:00 / Allies) Josh8: tp
(13:47 / All) OracleAtDelphi: The prophecies are coming true
(14:38 / Allies) Josh8: tp
(17:51 / All) OracleAtDelphi: Red shall bow to his knees and suck the cock of the one consumed by flames
(18:11 / All) Josh8: word
(19:33 / All) 3-brothers-: why does pink keep harassing u guys
(19:35 / All) 3-brothers-: ?
(20:09 / Allies) CrakaSnagSwag: teal you need gold?
(24:47 / All) CrakaSnagSwag: good lord
(24:49 / All) CrakaSnagSwag: its gg
(24:53 / All) 3-brothers-: lawl
(26:13 / All) CrakaSnagSwag: gg teal is noob red is out no usefull units
(27:11 / All) OracleAtDelphi: god
(27:17 / All) OracleAtDelphi: it's so hard to target with all that fucking air in teh way
(28:01 / All) 3-brothers-: why did orang eleave
(28:06 / All) Josh8: idk
(28:34 / All) OracleAtDelphi: Had enough of your shit red and teal
(29:56 / All) OracleAtDelphi: you spoilt my fun
(30:07 / All) 3-brothers-: god
(30:16 / All) 3-brothers-: green and blue played great this game
(31:54 / All) 3-brothers-: shouldn't have took pinks shredder
(32:42 / All) 3-brothers-: blue used
(32:49 / All) 3-brothers-: inferno on mne
(32:52 / All) 3-brothers-: tried to stun me
(34:02 / All) 3-brothers-: dead
(34:05 / All) 3-brothers-: u can take
(34:10 / All) Artyom: god dammit I wanted to use my invisible army
(34:33 / All) 3-brothers-: ouch
(34:37 / All) Artyom: lulz
(35:03 / All) 3-brothers-: oh
(35:06 / All) 3-brothers-: forgot tanks
(35:26 / All) Artyom: scan top right
(36:00 / All) 3-brothers-: was that ur critter
(36:09 / All) Artyom: yeah but no point to having it since no am anyway
(36:12 / All) Artyom: just trying to make it a habit
(36:15 / All) 3-brothers-: green lets hit purple main
(36:17 / All) 3-brothers-: ok?
(39:10 / All) Artyom: I got invisibility idiot wow
(39:32 / All) OracleAtDelphi: TRAPPED
(40:59 / All) 3-brothers-: lawl
(41:00 / All) 3-brothers-: sapper
(41:02 / All) 3-brothers-: kill
(41:48 / All) OracleAtDelphi: lol
(43:57 / All) 3-brothers-: not safe near ru base
(45:27 / All) 3-brothers-: lawl
(45:38 / All) 3-brothers-: 2 bloodmages
(45:39 / All) 3-brothers-: vs tinker
(45:41 / All) Artyom: inner fire invisibility
(46:37 / All) Artyom: inner fire rapes lol
(46:43 / All) Artyom: mass gryphon vs mass dhawk and I won
(46:52 / All) OracleAtDelphi: he didn't have mass
(46:57 / All) Artyom: one control group
(46:58 / All) Artyom: same for me
(47:03 / All) OracleAtDelphi: he didn';t have 12
(47:12 / All) OracleAtDelphi: you had like 2times the griffs
(47:18 / All) Artyom: o
(49:41 / All) 3-brothers-: ur tinker is a god rod
(49:46 / All) Artyom: how so?
(50:04 / All) 3-brothers-: MERCY BOB
(50:17 / All) 3-brothers-: HE KILLING ME ROD
(51:26 / All) Artyom: how the hell did I win that?
(51:38 / All) 3-brothers-: IMBA Human heros
(54:49 / All) OracleAtDelphi: lawl
(54:50 / All) OracleAtDelphi: flame bsing me
(55:00 / All) Artyom: lol
(55:21 / All) OracleAtDelphi: I still pretty much won that battle
(56:18 / All) Artyom: SHIT LOL
(56:21 / All) Artyom: tped tinker to my perch
(56:23 / All) Artyom: no way out
(56:29 / All) 3-brothers-: zeplin
(56:53 / All) OracleAtDelphi: k
(56:56 / All) OracleAtDelphi: let's play another game
(57:01 / All) 3-brothers-: yes
(57:04 / All) Artyom: yeah
(57:08 / All) 3-brothers-: or small break?
(57:10 / All) 3-brothers-: who gets win
(57:52 / All) Artyom: wtf
(57:56 / All) 3-brothers-: what
(57:58 / All) Artyom: one of my priests in on some random mountain
(58:01 / All) Artyom: guess that faggot tped with the tinker
(58:03 / All) 3-brothers-: where
(58:08 / All) Artyom: top right near island
(58:10 / All) OracleAtDelphi: let's play another game already
(58:10 / All) Artyom: just to the left of it
(58:14 / All) Artyom: there
(58:35 / All) 3-brothers-: bob gonna kill me lawl
(60:11 / All) Artyom: you killed the frog
(60:17 / All) 3-brothers-: me?
(60:23 / All) Artyom: Turncoat.
(60:31 / All) Artyom: Which team should get the loss?
(60:36 / All) Artyom: Metro 2033 #1, great book and game
(60:41 / All) OracleAtDelphi: what are your teams records
(60:52 / All) Artyom: Orange is 47-44
(60:57 / All) Artyom: Red is 232-238
(61:02 / All) Artyom: Teal is 4-4
(61:34 / All) 3-brothers-: aw
(61:41 / All) Artyom: ?
(61:47 / All) 3-brothers-: i say
(62:04 / All) 3-brothers-: hmm
(62:23 / All) 3-brothers-: ur team
(62:31 / All) Artyom: kk